 Dungeon Crawl Stone Soup version 0.27.0-66-gdc8fb28755 (webtiles) character file.

Game seed: 4879408220925004251

1590 hawla the Thaumaturge (level 8, -1/45 HPs)
             Began as a Deep Elf Necromancer on Aug 21, 2021.
             Slain by a hornet (9 damage)
             ... on level 7 of the Dungeon.
             The game lasted 00:24:01 (8318 turns).

hawla the Thaumaturge (Deep Elf Necromancer)        Turns: 8318, Time: 00:24:01

Health: -1/45      AC:  4    Str:  5    XL:     8   Next: 61%
Magic:  9/22       EV: 14    Int: 23    God:
Gold:   291        SH:  0    Dex: 17    Spells: 12/23 levels left

rFire    . . .     SeeInvis .   c - +3 whip of Dissent {pain, rPois rN+ Dex+4}
rCold    . . .     Faith    .   (no shield)
rNeg     + . .     Spirit   .   a - +1 robe
rPois    +         Reflect  .   (no helmet)
rElec    .         Harm     .   (no cloak)
rCorr    .         Rampage  .   (no gloves)
Will     .....                  n - +0 pair of boots
Stlth    +++.......             (no amulet)
HPRegen  0.15/turn              (no ring)
MPRegen  0.18/turn              (no ring)

@: slowed, very slow
A: clumsy 1
a: no special abilities


You were on level 7 of the Dungeon.
You visited 1 branch of the dungeon, and saw 7 of its levels.

You collected 291 gold pieces.

Inventory:

Hand Weapons
 c - the +3 whip of Dissent (weapon) {pain, rPois rN+ Dex+4}
   (You found it on level 5 of the Dungeon)

   In the hands of one skilled in necromantic magic, it inflicts extra damage on
   living creatures.
   Dex:       It affects your dexterity (+4).
   rPois:     It protects you from poison.
   rN:        It protects you from negative energy.
Missiles
 b - 5 javelins
 e - 10 boomerangs (quivered)
 h - 25 poisoned darts
Armour
 a - a +1 robe (worn)
 n - a +0 pair of boots (worn)
Jewellery
 p - an amulet of guardian spirit
Scrolls
 i - a scroll of fear
 k - a scroll of magic mapping
 o - 6 scrolls of identify
Potions
 l - a potion of attraction


   Skills:
 + Level 2.6 Fighting
 + Level 2.4 Maces & Flails
 + Level 0.3 Throwing
 + Level 5.1 Dodging
 + Level 5.4 Stealth
 + Level 8.4 Spellcasting
 + Level 0.4 Summonings
 + Level 7.9 Necromancy


You had 12 spell levels left.
You knew the following spells:

 Your Spells              Type           Power      Damage    Failure   Level
a - Pain                  Necr           100%       1d9       1%          1
b - Vampiric Draining     Necr           23%        2d9       1%          3
c - Animate Dead          Necr           23%        N/A       2%          4
d - Call Canine Familiar  Summ           11%        N/A       17%         3

Your spell library contained the following spells:

 Spells                   Type           Power      Damage    Failure   Level
 Animate Skeleton         Necr           92%        N/A       1%          1
 Sublimation of Blood     Necr           23%        N/A       1%          2
 Summon Small Mammal      Summ           44%        N/A       5%          1
 Foxfire                  Conj/Fire      36%        2x1d5     7%          1
 Shock                    Conj/Air       36%        1d5       7%          1
 Agony                    Necr           46%        N/A       7%          5
 Wereblood                Tmut           9%         N/A       10%         2
 Summon Guardian Golem    Hex/Summ       10%        N/A       19%         3
 Conjure Flame            Conj/Fire      9%         6-21      21%         3
 Inner Flame              Hex/Fire       9%         N/A       21%         3
 Swiftness                Air            9%         N/A       21%         3
 Summon Ice Beast         Ice/Summ       10%        N/A       52%         4
 Storm Form               Tmut/Air       4%         N/A       100%        7
 Summon Hydra             Summ           5%         N/A       100%        7


Dungeon Overview and Level Annotations

Branches:
Dungeon (7/15)             Temple (0/1) D:4

Altars:
Fedhas
Qazlal
Vehumet
Zin

Shops:
D:5 ?*

Annotations:
D:4 Grinder


Innate Abilities, Weirdness & Mutations

You are clumsy. (Dex -2)


Message History

Aim: a hornet (wandering, hasn't noticed you, chance to affect: 78%)
The hornet buzzes angrily.
The hornet writhes in agony!
You hear a bark!
Casting: Pain (safe; 1% risk of failure)
Confirm with . or Enter, or press ? or * to list all spells.
The hornet closely misses you.
Casting: Call Canine Familiar (dangerous; 17% risk of failure)
Confirm with . or Enter, or press ? or * to list all spells.
Aiming: Pain (safe; 1% risk of failure)
Press: ? - help, Shift-Dir - straight line, f/p - hornet
Aim: a hornet (moderately wounded, ally target, chance to affect: 78%)
The hornet barely resists.
The hornet stings you!
A hound comes into view.
The hornet stings you.
You feel yourself slow down.
Casting: Pain (safe; 1% risk of failure)
Confirm with . or Enter, or press ? or * to list all spells.
Aiming: Pain (safe; 1% risk of failure)
Press: ? - help, Shift-Dir - straight line, f/p - hornet
Aim: a hornet (moderately wounded, ally target, chance to affect: 78%)
The hornet writhes in agony.
The hornet stings you!
* * * LOW HITPOINT WARNING * * *
You feel as though you will be slow longer.
Your hound barely misses the hornet.
The hornet misses you.
It was a potion of mutation.
You feel extremely strange.
You feel clumsy.
Your hound misses the hornet. The hornet stings you.
* * * LOW HITPOINT WARNING * * *
Your hound bites the hornet but does no damage.
The hornet barely misses you. The hound bites you.
* * * LOW HITPOINT WARNING * * *
Your hound closely misses the hornet.
Casting: Pain (safe; 1% risk of failure)
Confirm with . or Enter, or press ? or * to list all spells.
Aiming: Vampiric Draining (safe; 1% risk of failure)
Press: ? - help, Shift-Dir - straight line, f/p - hornet
Aim: a hornet (moderately wounded, ally target)
You draw life force from the hornet!
You feel life coursing into your body. The hornet stings you!
You die...

#..# ##.....#
.... #......#
...#. ##.#...#
..##
####..###+## .#
##......#
##...)...#
##.#........#
+...........#
##......@h..#
#.......hy..#
............#
...........<..
..#+##...#+####
.. #####


You could see a hornet (ally target), a hound and a friendly hound (summoned).

Vanquished Creatures
  A sky beast (D:6)
  2 necrophages
  3 ogres
  2 centaurs
  2 bullfrogs (D:6)
  3 scorpions
  A water moccasin skeleton (D:5)
  A wight (D:6)
  A howler monkey (D:5)
  3 hounds
  A centaur skeleton (D:5)
  4 iguanas
  2 orc wizards
  A hound zombie (D:5)
  9 adders
  3 gnolls (D:7)
  A white imp (D:7)
  An ufetubus (D:5)
  An adder zombie (D:5)
  3 dart slugs (D:1)
  12 orcs
  3 ball pythons
  5 bats
  An endoplasm (D:3)
  3 giant cockroaches
  6 goblins
  7 hobgoblins
  2 jackals (D:4)
  6 kobolds
  5 quokkas
  3 frilled lizards
  5 rats
103 creatures vanquished.

Vanquished Creatures (collateral kills)
  An iguana (D:4)
  A gnoll (D:7)
  An orc (D:5)
  An endoplasm (D:4)
  A giant cockroach (D:3)
  A goblin (D:3)
  A ball python (D:2)
7 creatures vanquished.

Grand Total: 110 creatures vanquished

Notes
Turn   | Place    | Note
-------+----------+-------------------------------------------
     0 | D:1      | hawla the Deep Elf Necromancer began the quest for the Orb.
     0 | D:1      | Reached XP level 1. HP: 10/10 MP: 6/6
   364 | D:1      | Reached XP level 2. HP: 4/16 MP: 0/8
   616 | D:1      | Reached skill level 5 in Necromancy
  1479 | D:1      | Reached XP level 3. HP: 19/20 MP: 8/10
  1483 | D:1      | Learned a level 3 spell: Vampiric Draining
  1800 | D:2      | Reached skill level 1 in Fighting
  2121 | D:2      | Reached skill level 4 in Spellcasting
  2279 | D:2      | Found a faded altar of an unknown god.
  2739 | D:3      | Found a glowing silver altar of Zin.
  2785 | D:3      | Reached XP level 4. HP: 18/25 MP: 6/12
  2790 | D:3      | Learned a level 4 spell: Animate Dead
  3626 | D:4      | Noticed a black bear
  3797 | D:4      | Noticed an ogre
  3801 | D:4      | Killed an ogre
  3802 | D:4      | Reached XP level 5. HP: 25/30 MP: 8/13
  4217 | D:4      | Reached skill level 5 in Stealth
  4217 | D:4      | Reached skill level 5 in Spellcasting
  4217 | D:4      | Reached XP level 6. HP: 23/35 MP: 4/15
  4500 | D:4      | Noticed Grinder
  4507 | D:4      | Paralysed by Grinder for 6 turns
  4521 | D:4      | Paralysed by Grinder for 5 turns
  4566 | D:4      | Paralysed by Grinder for 7 turns
  4594 | D:5      | Entered Level 5 of the Dungeon
  5118 | D:5      | Found Jaerph's General Store.
  5130 | D:5      | Identified the +3 whip of Dissent {pain, rPois rN+ Dex+4}
  5288 | D:5      | Reached skill level 6 in Spellcasting
  5409 | D:5      | Noticed a water elemental
  5411 | D:5      | Found a stormy altar of Qazlal.
  5471 | D:5      | Noticed a fire elemental
  5471 | D:5      | Noticed an air elemental
  5573 | D:5      | Reached XP level 7. HP: 40/40 MP: 10/18
  5654 | D:5      | Found Nobeonk's Magic Scroll Shop.
  5718 | D:5      | Reached skill level 1 in Maces & Flails
  6085 | D:5      | Reached skill level 7 in Spellcasting
  6282 | D:5      | Found a blossoming altar of Fedhas.
  6361 | D:5      | Found a radiant altar of Vehumet.
  6885 | D:6      | Reached XP level 8. HP: 22/45 MP: 16/20
  7329 | D:6      | Reached skill level 5 in Dodging
  7339 | D:6      | Reached skill level 8 in Spellcasting
  7811 | D:6      | Got the Catalogue of the Glacier and Weightlessness
  7816 | D:6      | Learned a level 3 spell: Call Canine Familiar
  7964 | D:6      | Noticed a nameless horror
  8311 | D:7      | Noticed a hornet
  8317 | D:7      | Gained mutation: You are clumsy. (Dex -2) [potion of
                  | mutation]
  8317 | D:7      | HP: 2/45 [hound (1)]
  8318 | D:7      | Slain by a hornet

Illustrated notes

Levels and vault maps discovered:
D:1:      scummos_arrival_simple_fountains, layout_basic
D:2:      layout_loops_ring, hellmonk_ecumenical_altar_run_dry
D:3:      layout_rooms, zin_academy
D:4:      layout_basic, minmay_temple_entry_overgrown, minmay_ruptured,
          uniq_grinder
D:5:      layout_basic, fedhas_bush_and_centaur_altar,
          nicolae_qazlal_style_of_elements, mainiacjoe_overflow_alcove_2,
          serial_shops, shop, kennysheep_mini
D:6:      layout_rooms
D:7:      minmay_blocky_corners, layout_basic, dancing_weapons_uskayaw,
          minmay_fractal_squares_gapless_5

Skill      XL: |  1  2  3  4  5  6  7  8 |
---------------+-------------------------+-----
Necromancy     | 5 6 7 |  7.9
Stealth        | 3 4 5 |  5.4
Dodging        | 3 4 5 |  5.1
Fighting       | 1 2 |  2.6
Spellcasting   | 4 5 6 7 8 |  8.4
Maces & Flails | 2 |  2.4
Throwing       | |  0.3
Summonings     | |  0.4

Action                   |  1- 3 |  4- 6 |  7- 9 || total
-------------------------+-------+-------+-------++-------
Melee: Unarmed           |     3 |       |       ||     3
       Dagger            |       |    29 |       ||    29
       Whip              |       |    36 |   101 ||   137
Throw: Dart              |       |     3 |       ||     3
       Boomerang         |       |       |     5 ||     5
 Cast: Pain              |    59 |    55 |    31 ||   145
       Animate Dead      |       |    14 |     9 ||    23
       Vampiric Draining |       |    15 |    17 ||    32
       Call Canine Famil |       |       |     5 ||     5
  Use: Scroll            |     4 |     6 |     4 ||    14
       Potion            |     2 |     5 |     8 ||    15
 Stab: Sleeping          |       |     1 |     3 ||     4
Armor: Robe              |     1 |    24 |    28 ||    53
       Skin              |       |     9 |       ||     9
Dodge: Dodged            |    15 |    86 |    95 ||   196
